 Dungeon Crawl Stone Soup version 0.30-a0-728-gc68057be0a (webtiles) character file.

Game seed: 14881719678544786330

259 Dittersdorf the Shield-Bearer (level 6, -5/39 HPs)
             Began as a Gargoyle Fighter on Jan 30, 2023.
             Killed by divine providence
             ... invoked by an orc priest
              (15 damage)
             ... on level 4 of the Dungeon.
             The game lasted 00:04:32 (2459 turns).

Dittersdorf the Shield-Bearer (Gargoyle Fighter)    Turns: 2459, Time: 00:04:33

Health: -5/39      AC: 12    Str: 22    XL:     6   Next: 17%
Magic:  15/15      EV:  9    Int:  8    God:
Gold:   145        SH:  9    Dex:  9    Spells: 5/5 levels left

rFire   + . .      SeeInvis .    a - +0 flail
rCold   . . .      Faith    .    c - +0 buckler
rNeg    + . .      Spirit   .    b - +0 scale mail
rPois   ∞          Reflect  +    (no helmet)
rElec   +          Harm     .    y - +0 cloak
rCorr   .          Rampage  .    (no gloves)
Will    .....                    (no boots) Stlth
                                 p - amulet of reflection
HPRegen 0.26/turn                x - ring of protection from fire
MPRegen 0.14/turn                A - ring of magical power

@: no status effects
A: sickness immunity, AC +4, negative energy resistance 1, electricity
resistance, torment resistance 1, petrification resistance
a: no special abilities


You were on level 4 of the Dungeon.
You visited 1 branch of the dungeon, and saw 4 of its levels.

You collected 145 gold pieces.

Inventory:

Hand Weapons
 a - a +0 flail (weapon)
Missiles
 i - a throwing net
 v - 2 poisoned darts (quivered)
Armour
 b - a +0 scale mail (worn)
 c - a +0 buckler (worn)
 t - a +0 plate armour
 y - a +0 cloak (worn)
Jewellery
 p - an amulet of reflection (around neck)
 r - a ring of ice
 x - a ring of protection from fire (left hand)
 A - a ring of magical power (right hand)
Wands
 w - a wand of flame (10)
Scrolls
 e - a scroll of fear {unknown}
 j - a scroll of amnesia {unknown}
 k - 2 scrolls of noise {unknown}
 m - 2 scrolls of fog {unknown}
 n - 8 scrolls of identify {unknown}
 u - 2 scrolls of brand weapon {unknown}
 B - a scroll of poison {unknown}
Potions
 d - 2 potions of might
 f - a potion of magic {unknown}
 g - a potion of curing {unknown}
 h - 2 potions of haste {unknown}
 l - a potion of heal wounds {unknown}
 o - a potion of attraction {unknown}
 q - a potion of lignification {unknown}
 s - a potion of mutation {unknown}
 z - a potion of degeneration {unknown}


   Skills:
 + Level 4.6 Fighting
 + Level 3.5 Maces & Flails
 + Level 4.6 Armour
 + Level 4.6 Shields


You had 5 spell levels left.
You didn't know any spells.
Your spell library contained the following spells:

 Spells                   Type           Power      Damage    Failure   Level
 Blink                    Tloc           0%         N/A       91%         2
 Lesser Beckoning         Tloc           0%         N/A       91%         2
 Momentum Strike          Conj/Tloc      0%         3d8       91%         2
 Fireball                 Conj/Fire      0%         3d3       100%        5
 Iskenderun's Battlesphe  Conj           0%         2d6       100%        5
 Conjure Ball Lightning   Conj/Air       0%         3x3d6     100%        6
 Orb of Destruction       Conj           0%         9d5       100%        7


Dungeon Overview and Level Annotations

Branches:
Dungeon (4/15)
 Temple: D:4-7

Altars:
Makhleb

Annotations:
D:2 1 runed translucent door, Crazy Yiuf


Innate Abilities, Weirdness & Mutations

You are immune to sickness and miasma.
Your stone body is resilient. (AC +4)
You are immune to poison.
You resist negative energy. (rN+)
You are resistant to electric shocks. (rElec)
You are resistant to unholy torment.
You are immune to petrification.


Message History

You are too injured to fight recklessly!
You are too injured to fight recklessly!
You are too injured to fight recklessly!
You are too injured to fight recklessly!
You are too injured to fight recklessly!
You are too injured to fight recklessly!
You are too injured to fight recklessly!
You are too injured to fight recklessly!
You are too injured to fight recklessly!
You are too injured to fight recklessly!
You are too injured to fight recklessly!
You are too injured to fight recklessly!
You are too injured to fight recklessly!
You are too injured to fight recklessly!
You are too injured to fight recklessly!
You are too injured to fight recklessly!
You are too injured to fight recklessly!
You are too injured to fight recklessly!
You are too injured to fight recklessly!
You are too injured to fight recklessly!
You are too injured to fight recklessly!
You thump the orc priest!
The orc priest is almost dead.
The orc priest hits you but does no damage.
The orc priest closely misses you.
You completely miss the orc priest.
The orc priest is almost dead.
The orc priest mumbles some strange prayers to Beogh against you.
Pain shoots through your body!
* * * LOW HITPOINT WARNING * * *
You barely miss the orc priest.
The orc priest is almost dead.
The orc priest invokes the aid of Beogh against you.
Pain shoots through your body!
* * * LOW HITPOINT WARNING * * *
You barely miss the orc priest.
The orc priest is almost dead.
The orc priest invokes the aid of Beogh against you.
Beogh smites you!
You die...

##.#.##..#
#.#..##.#..#
#.##....# .
#..##.#..# #
#..#.##..#
##.. ###....#
.. ...
#.#.##..# ##
#.# #.o##.#..#
#>.###@...#
...
#....##.#..##.
#....#.## #
##.....#
#..#### #.)#
##.# #.# ##.


You could see an orc priest.

Vanquished Creatures
  Menkaure (D:3)
  Terence (D:3)
  An orc wizard (D:3)
  2 adders
  An ufetubus (D:3)
  A worm (D:3)
  3 dart slugs
  2 orcs (D:4)
  7 ball pythons
  6 endoplasms
  2 giant cockroaches (D:1)
  4 goblins
  5 hobgoblins
  4 kobolds
  4 quokkas
  8 bats
  3 frilled lizards
  3 rats
58 creatures vanquished.

Notes
Turn   | Place    | Note
-------+----------+-------------------------------------------
     0 | D:1      | Dittersdorf the Gargoyle Fighter began the quest for the
                  | Orb.
     0 | D:1      | Reached XP level 1. HP: 14/14 MP: 1/1
    80 | D:1      | Reached XP level 2. HP: 19/19 MP: 2/2
   254 | D:1      | Reached XP level 3. HP: 18/23 MP: 3/3
   941 | D:2      | Found a runed translucent door.
   942 | D:2      | Noticed Crazy Yiuf
  1074 | D:2      | Found a faded altar of an unknown god.
  1217 | D:3      | Reached XP level 4. HP: 29/29 MP: 4/4
  1393 | D:3      | Found the +2 ratskin cloak {*Rats rPois rN+ Str-1 Int-1
                  | Dex+1}
  1439 | D:3      | Noticed Terence
  1450 | D:3      | HP: 1/29 [Terence/+3 hand axe of electrocution (4)]
  1452 | D:3      | Killed Terence
  1998 | D:3      | Found a burning altar of Makhleb.
  2253 | D:4      | Noticed Menkaure
  2255 | D:4      | Reached XP level 5. HP: 24/33 MP: 5/5
  2346 | D:3      | Killed Menkaure
  2347 | D:3      | Reached XP level 6. HP: 20/39 MP: 6/6
  2459 | D:4      | Killed from afar by an orc priest

Illustrated notes

Levels and vault maps discovered:
D:1:      beargit_arrival_diablo_church, layout_rooms, hex_large
D:2:      minmay_evil_eye, layout_basic, ebering_ecumenical_altar_hall,
          minmay_tromino_v2, uniq_crazy_yiuf_cottage
D:3:      layout_loops_ring, lightli_temple_of_fire, uniq_terence
D:4:      layout_cave_pods, nicolae_eternal_life, uniq_pikel, uniq_ijyb,
          uniq_menkaure

Skill      XL: |  1  2  3  4 |
---------------+-------------+-----
Shields        | 4 |  4.6
Fighting       | 4 |  4.6
Armour         | 4 |  4.6
Maces & Flails | 3 |  3.5

Action                     |  1- 3 |  4- 6 || total
---------------------------+-------+-------++-------
  Melee: Flail             |   121 |    99 ||   220
 Armour: Scale mail        |    74 |    54 ||   128
  Dodge: Dodged            |    77 |    44 ||   121
  Block: Buckler           |    31 |    53 ||    84
         Reflection        |     2 |       ||     2

Table legend: (Time is in decaauts)
 A = Elapsed time spent in this place.
 B = Non-inter-level travel time spent in this place.
 C = Inter-level travel time spent in this place.
 D = Time resting spent in this place.
 E = Time spent auto-exploring this place.
 F = Levels seen in this place.
 G = Mean time per level.
                   A        B        C        D        E       F      G
               +--------+--------+--------+--------+--------+-----+--------+
         Total |   2529 |   2441 |     88 |    244 |   1611 |   4 |  632.2 |
       Dungeon |   2529 |   2441 |     88 |    244 |   1611 |   4 |  632.2 |
               +--------+--------+--------+--------+--------+-----+--------+

Top non-repeatable levels by time:
     D:3: 1235 daAuts
     D:2: 618 daAuts
     D:1: 606 daAuts
     D:4: 68 daAuts
